 Dungeon Crawl Stone Soup version 0.21.0-25-ge575cb9 (webtiles) character file.

148090 sankara the Warrior (level 16, -3/148 HPs)
             Began as a Minotaur Fighter on Jan 22, 2018.
             Was a High Priest of Ru.
             Succumbed to a redback's poison
             ... on level 1 of the Spider Nest.
             The game lasted 02:02:12 (25430 turns).

sankara the Warrior (Minotaur Fighter)             Turns: 25430, Time: 02:02:13

Health: -3/148     AC: 27    Str: 24      XL:     16   Next: 93%
Magic:  1/15       EV: 13    Int:  5 (6)  God:    Ru [*****.]
Gold:   1610       SH: 13    Dex: 17 (18) Spells: 15/15 levels left

rFire    + . .     SeeInvis +   a - +4 eveningstar (protect)
rCold    + . .     Gourm    .   j - +3 shield
rNeg     + . .     Faith    +   M - +1 plate armour of the Dungeon {rC+ Regen+ Str+2 Int+3} (curse)
rPois    .         Spirit   .   S - +3 crown of Dyrovepreva {rElec Int+2 SInv}
rElec    +         Reflect  .   N - scarf {repulsion}
rCorr    .         Harm     .   e - +0 pair of gloves
MR       +....                  L - +1 pair of boots of Zusac {rElec rF+ Int-4}
Stlth    ..........             C - amulet of faith
HPRegen  1.14/turn              F - ring of positive energy
MPRegen  0.14/turn              v - +3 ring of evasion

@: lethally poisoned (-3 -> -93), no potions, repel missiles
A: retaliatory headbutt, horns 2, thin skeletal structure 1, frail 1, sense
surroundings 1, regeneration 1, no potion heal 1, inability to drink while
threatened, no stealth, hated by all, no air magic, no summoning magic, no
transmutations magic, reduced EV 1, disrupted magic 1
a: Draw Out Power, Power Leap, Apocalypse, Renounce Religion


You were on level 1 of the Spider Nest.
You worshipped Ru.
Ru was extremely pleased with you.
You were not hungry.

You visited 4 branches of the dungeon, and saw 25 of its levels.
You visited the Abyss 1 time.
You also visited: Ice Cave.

You collected 2926 gold pieces.
You spent 1316 gold pieces at shops.

Inventory:

Hand Weapons
 a - a +4 eveningstar of protection (weapon)
 b - the +6 broad axe "Cuutep" {freeze, rPois}
   (You found it on level 6 of the Dungeon)

   It has been specially enchanted to freeze those struck by it, causing extra
   injury to most foes and up to half again as much damage against particularly
   susceptible opponents.
   It can also slow down cold-blooded creatures.
   It protects you from poison.
 c - a +0 flail of draining
 B - a +2 morningstar of freezing
Missiles
 k - 9 tomahawks (quivered)
 E - a throwing net
 G - 3 tomahawks of returning
 K - 5 javelins
Armour
 e - a +0 pair of gloves (worn)
 j - a +3 shield (worn)
 w - a scarf of cloud immunity
 L - the +1 pair of boots of Zusac (worn) {rElec rF+ Int-4}
   (You bought it in a shop on level 2 of the Orcish Mines)

   It affects your intelligence (-4).
   It protects you from fire.
   It insulates you from electricity.
 M - the cursed +1 plate armour of the Dungeon (worn) {rC+ Regen+ Str+2 Int+3}
   (You bought it in a shop on level 2 of the Orcish Mines)

   It affects your strength (+2).
   It affects your intelligence (+3).
   It protects you from cold.
   It increases your rate of regeneration.
   It has a curse placed upon it.
 N - a scarf of repulsion (worn)
 S - the +3 crown of Dyrovepreva (worn) {rElec Int+2 SInv}
   (You found it on level 6 of the Lair of Beasts)

   It affects your intelligence (+2).
   It insulates you from electricity.
   It lets you see invisible.
Jewellery
 v - a +3 ring of evasion (right hand)
 y - an uncursed ring of positive energy
 C - an amulet of faith (around neck)
 F - a ring of positive energy (left hand)
 O - a +4 amulet of reflection
 V - a +1 ring of slaying
Wands
 A - a wand of clouds (9)
 D - a wand of paralysis (61)
 J - a wand of digging (23)
 Q - a wand of iceblast (7)
 R - a wand of flame (67)
 U - a wand of random effects (123)
 X - a wand of polymorph (14)
Scrolls
 g - 14 scrolls of teleportation
 h - 13 scrolls of identify
 l - a scroll of fear
 p - 6 scrolls of remove curse
 q - 3 scrolls of holy word
 t - 5 scrolls of amnesia
 I - 2 scrolls of fog
 W - 2 scrolls of enchant weapon
Potions
 d - 3 potions of might
 i - 6 potions of curing
 m - a potion of ambrosia
 n - 5 potions of lignification
 o - a potion of invisibility
 r - 3 potions of agility
 u - 7 potions of flight
 x - 2 potions of brilliance
 z - 4 potions of heal wounds
 H - 5 potions of haste
 P - 2 potions of berserk rage
 T - 3 potions of resistance
 Y - 5 potions of cancellation
Comestibles
 f - 41 rations
 s - 2 chunks of flesh


   Skills:
 + Level 20.4 Fighting
 - Level 12.0 Maces & Flails
 + Level 18.9 Armour
 + Level 16.3 Dodging
 - Level 3.6 Shields


You had 15 spell levels left.
You didn't know any spells.

Dungeon Overview and Level Annotations

Branches:
Dungeon (15/15)            Temple (0/1) D:4            Lair (6/6) D:11
  Swamp (0/4) Lair:2       Spider (2/4) Lair:4        Slime (0/5) Lair:6
    Orc (2/2) D:10            Elf (0/3) Orc:2        Vaults (0/5) D:13
 Depths (0/5) D:15

Altars:
Ashenzari
Dithmenos
Elyvilon
Kikubaaqudgha
Makhleb
Nemelex Xobeh
Ru
Sif Muna
Vehumet
Wu Jian
Zin
Beogh
Jiyva

Shops:
D:6 (   D:10 }   D:14 [   Orc:2 [[[!:


Innate Abilities, Weirdness & Mutations

You reflexively headbutt those who attack you in melee.
You have a pair of horns on your head.
Potions are less effective at restoring your health.
You cannot drink potions while threatened.
You cannot be stealthy.
You are hated by all.
You cannot study or cast Air magic.
You cannot study or cast Summoning magic.
You cannot study or cast Transmutations magic.
You have somewhat slow reflexes. (EV -5)
Your casting is slightly disrupted.
You have a somewhat thin skeletal structure. (Dex +2, Stealth)
You are frail. (-10% HP)
You passively map a small area around you.
Your natural rate of healing is unusually fast.


Message History

The redback poisons you!
There is a stone staircase leading up, spattered with blood here.
Unknown command.
* * * LOW HITPOINT WARNING * * *
You feel extremely sick. The ghost moth stares at you.
You block the ghost moth's attack. The ghost moth barely misses you.
You block the ghost moth's attack. The redback bites you.
* * * LOW HITPOINT WARNING * * *
You focus your will and blind the redback in retribution!
The orb spider begins to attack, but is stunned by your will!
The redback closely misses you. You furiously retaliate!
You headbutt the redback.
The orb spider begins to attack, but is stunned by your will!
The ghost moth closely misses you. You furiously retaliate!
You headbutt the ghost moth. The ghost moth hits you!
* * * LOW HITPOINT WARNING * * *
The ghost moth stings you but does no damage.
You climb upwards.
You die...

##...........≈≈##....##
#≈≈..........≈≈##..=###
#≈≈..........≈≈##....##
##.#≈(........≈≈######.#
#.............≈≈≈######≈
#..............≈≈≈≈≈≈≈≈≈
##..............≈≈≈≈≈≈≈≈
###......y...............
#≈.....s@..........(.....
#≈.....s.................
###......................
#....^..................
##........^.............
##.......................
#...............††....(..
##..........^........^...
#......^.................


You could see a ghost moth (invisible) and 2 redbacks.

Vanquished Creatures
  An ancient lich (Abyss:1)
  Gastronok (Lair:3)
  A tentacled starspawn (Abyss:1)
  Frances (D:12)
  Kirke (Lair:6)
  A frost giant (IceCv)
  Louise (D:14)
  The ghost of matthes123 the Severer, a journeyman MiFi of Okawaru (Orc:2)
  Nessos (Orc:2)
  Azrael (D:12)
  2 slime creatures (D:15)
  3 ogre magi
  Erolcha (Orc:2)
  Fannar (D:11)
  8 hydras
  A catoblepas (Lair:6)
  A death knight (D:15)
  2 starcursed masses (Abyss:1)
  5 centaur warriors
  14 two-headed ogres
  5 death yaks (Lair:4)
  A deep elf knight (D:15)
  Nergalle (Lair:2)
  A hell knight (D:15)
  Sonja (D:11)
  7 skeletal warriors
  A fire crab (Lair:6)
  2 unseen horrors
  An orange crystal statue (D:11)
  A wizard (D:15)
  A glowing orange brain (Abyss:1)
  A wolf spider zombie (D:15)
  2 orb spiders (Spider:1)
  2 orc knights
  2 phantasmal warriors (D:15)
  6 ugly things (D:14)
  A deep elf mage (D:15)
  7 orc sorcerers (Orc:2)
  3 cyclopes
  5 wolf spiders
  3 manticores
  11 black mambas
  A guardian serpent (Lair:6)
  2 ice statues
  2 torpor snails
  6 large abominations (Abyss:1)
  2 gargoyles
  3 centaur skeletons
  12 spiny frogs
  9 komodo dragons
  A kobold demonologist (D:11)
  2 yaktaurs (D:15)
  A demonic crawler (Lair:4)
  An ancient zyme (Abyss:1)
  A polar bear (shapeshifter) (D:14)
  A queen bee (Spider:1)
  11 trolls
  A tengu conjurer (D:14)
  5 jumping spiders
  3 meliai (D:15)
  2 hornets (Lair:6)
  28 polar bears
  2 raiju (Lair:6)
  13 dream sheep
  11 hippogriffs
  21 blink frogs
  4 tarantellas (Spider:1)
  10 redbacks
  A shadow (D:14)
  A wraith (D:15)
  35 yaks
  38 dancing weapons
  15 wyverns
  3 fire elementals (D:12)
  5 hogs (Lair:6)
  3 fire bats (Lair:1)
  5 basilisks
  5 vampire mosquitoes
  2 hungry ghosts
  12 wargs
  An acid dragon (D:12)
  20 water moccasins
  A soldier ant (shapeshifter) (D:15)
  18 hell hounds
  6 porcupines
  A spiny frog skeleton (Abyss:1)
  17 orc warriors
  12 ice beasts
  A hornet zombie (D:12)
  6 phantoms
  12 black bears
  A necrophage (D:11)
  5 sky beasts
  17 ogres
  13 centaurs
  43 wolves
  4 crocodiles
  6 big kobolds
  20 bullfrogs
  6 gnoll sergeants
  A scorpion (D:5)
  14 killer bees
  An electric eel (Spider:1)
  3 crimson imps
  A howler monkey (D:2)
  3 centaur zombies
  2 bullfrog zombies
  A quasit (Abyss:1)
  9 orc priests
  A hound (D:9)
  5 jellies
  28 orc wizards
  2 bullfrog skeletons
  8 iguanas
  10 worker ants
  A killer bee zombie (D:5)
  A hound zombie (D:6)
  A worker ant zombie (D:9)
  7 gnolls
  15 adders
  A howler monkey skeleton (D:8)
  2 shadow imps
  An ooze (D:1)
  3 adder skeletons
  5 worms
  2 dart slugs
  4 leopard geckos
  72 orcs
  2 ball pythons
  12 bats
  8 giant cockroaches
  7 goblins
  7 hobgoblins
  12 jackals
  5 quokkas
  2 frilled lizards
  10 kobolds
  A leopard gecko skeleton (D:6)
  A quokka zombie (D:7)
  11 rats
  6 fungi
  3 plants
894 creatures vanquished.

Vanquished Creatures (others)
  A two-headed ogre (D:15)
  A dancing weapon (D:13)
  A deep elf mage (D:15)
  A wolf spider (Spider:2)
  A cyclops (D:14)
  A tarantella (Spider:1)
  An orc warrior (Orc:2)
  A crimson imp (D:15)
  An orc wizard (Orc:2)
  2 orcs
  5 fungi (Lair:6)
  32 plants (Lair:6)
  2 starspawn tentacles (Abyss:1)
50 creatures vanquished.

Grand Total: 944 creatures vanquished

Notes
Turn   | Place    | Note
-------+----------+-------------------------------------------
     0 | D:1      | sankara the Minotaur Fighter began the quest for the Orb.
     0 | D:1      | Reached XP level 1. HP: 19/19 MP: 0/0
    62 | D:1      | Reached XP level 2. HP: 21/27 MP: 1/1
   711 | D:1      | Reached skill level 1 in Dodging
   930 | D:2      | Reached skill level 4 in Fighting
   930 | D:2      | Reached XP level 3. HP: 32/33 MP: 2/2
  1180 | D:2      | Found an ornate altar of the Wu Jian Council.
  1209 | D:2      | Became a worshipper of the Wu Jian Council
  1355 | D:2      | Reached XP level 4. HP: 40/40 MP: 3/3
  1984 | D:3      | Found a white marble altar of Elyvilon.
  2058 | D:3      | Reached XP level 5. HP: 41/47 MP: 4/4
  2130 | D:3      | Found a sacrificial altar of Ru.
  2166 | D:3      | Reached * piety under Wu Jian
  2340 | D:3      | Reached skill level 5 in Maces & Flails
  2808 | D:4      | Noticed an ogre
  2813 | D:4      | Killed an ogre
  2813 | D:4      | Reached skill level 5 in Fighting
  2813 | D:4      | Reached skill level 5 in Armour
  2813 | D:4      | Reached XP level 6. HP: 37/56 MP: 5/5
  3067 | D:4      | Found a staircase to the Ecumenical Temple.
  3426 | D:4      | Found a deep blue altar of Sif Muna.
  3525 | D:5      | Entered Level 5 of the Dungeon
  3610 | D:5      | Noticed a water moccasin
  3612 | D:5      | Reached XP level 7. HP: 51/61 MP: 6/6
  3795 | D:5      | Reached ** piety under Wu Jian
  4072 | D:5      | Reached skill level 6 in Fighting
  4588 | D:6      | Found a sparkling altar of Nemelex Xobeh.
  4590 | D:6      | Found a burning altar of Makhleb.
  4608 | D:6      | Reached XP level 8. HP: 57/71 MP: 7/7
  4762 | D:6      | Got a slimy broad axe
  4763 | D:6      | Identified the +6 broad axe "Cuutep" {freeze, rPois} (You found it on level 6 of the Dungeon)
  4850 | D:6      | Found a shadowy altar of Dithmenos.
  4931 | D:6      | Found Uleom's Antique Weapon Emporium.
  5196 | D:7      | Found a glowing silver altar of Zin.
  5392 | D:7      | Reached skill level 7 in Fighting
  5783 | D:7      | Reached *** piety under Wu Jian
  5786 | D:7      | Reached XP level 9. HP: 63/80 MP: 8/8
  5790 | D:7      | Reached skill level 10 in Maces & Flails
  6384 | D:8      | Reached skill level 8 in Fighting
  7888 | D:9      | Reached **** piety under Wu Jian
  7895 | D:9      | Noticed a troll
  7905 | D:9      | Killed a troll
  8107 | D:9      | Reached skill level 9 in Fighting
  8120 | D:9      | Reached XP level 10. HP: 91/91 MP: 9/9
  8274 | D:10     | Entered Level 10 of the Dungeon
  8313 | D:10     | Noticed a two-headed ogre
  8336 | D:10     | Killed a two-headed ogre
  8585 | D:10     | Found a staircase to the Orcish Mines.
  8594 | D:10     | Found Ritzerux's Gadget Shop.
  8648 | D:10     | Reached skill level 10 in Fighting
  8769 | D:10     | Reached skill level 10 in Armour
  8775 | D:10     | Reached skill level 5 in Dodging
  8878 | D:10     | Noticed a two-headed ogre
  8883 | D:10     | Killed a two-headed ogre
  9163 | D:10     | Reached ***** piety under Wu Jian
  9342 | D:11     | Noticed an orange crystal statue
  9457 | D:11     | Noticed Sonja
  9469 | D:11     | Reached skill level 11 in Fighting
  9472 | D:11     | Paralysed by Sonja for 5 turns
  9481 | D:11     | Reached XP level 11. HP: 100/102 MP: 10/10
  9657 | D:11     | Found a staircase to the Lair.
  9894 | D:3      | Fell from the grace of Wu Jian
  9894 | D:3      | Became a worshipper of Ru the Awakened
 10101 | Lair:1   | Entered Level 1 of the Lair of Beasts
 10699 | Lair:1   | Noticed a seven-headed hydra
 10706 | Lair:1   | Killed a seven-headed hydra
 11056 | Lair:2   | Identified a scroll of acquirement
 11091 | Lair:2   | Reached skill level 12 in Fighting
 11188 | Lair:2   | Found a sacrificial altar of Ru.
 11211 | Lair:2   | Found a staircase to the Swamp.
 11217 | Lair:2   | Gained mutation: You cannot study or cast Air magic. [Ru sacrifice]
 11217 | Lair:2   | Gained mutation: You cannot study or cast Transmutations magic. [Ru sacrifice]
 11217 | Lair:2   | Gained mutation: You cannot study or cast Summoning magic. [Ru sacrifice]
 11217 | Lair:2   | Reached * piety under Ru
 11256 | Lair:2   | Noticed Nergalle
 11574 | Lair:1   | Reached skill level 15 in Fighting
 11574 | Lair:1   | Reached XP level 12. HP: 119/119 MP: 11/11
 11595 | Lair:2   | Killed Nergalle
 11640 | Lair:2   | Found a frozen archway.
 11663 | IceCv    | Entered an ice cave
 11810 | IceCv    | Reached XP level 13. HP: 27/127 MP: 12/12
 12706 | IceCv    | Noticed a frost giant
 12773 | IceCv    | Killed a frost giant
 12773 | IceCv    | Reached skill level 10 in Dodging
 13015 | IceCv    | Was forgiven by Wu Jian
 13437 | IceCv    | Got a faintly glowing halberd
 14185 | Lair:3   | Noticed Gastronok
 14195 | Lair:3   | Killed Gastronok
 14195 | Lair:3   | Reached skill level 16 in Fighting
 14852 | Lair:3   | Gained mutation: You passively map a small area around you. [potion of mutation]
 14852 | Lair:3   | Gained mutation: You are frail. (-10% HP) [potion of mutation]
 14852 | Lair:3   | Gained mutation: Your natural rate of healing is unusually fast. [potion of mutation]
 14852 | Lair:3   | Gained mutation: You have a somewhat thin skeletal structure. (Dex +2, Stealth) [potion of mutation]
 15160 | Lair:4   | Gained mutation: Potions are less effective at restoring your health. [Ru sacrifice]
 15160 | Lair:4   | Reached ** piety under Ru
 15536 | Lair:4   | Found a hole to the Spider Nest.
 16301 | Lair:5   | Reached XP level 14. HP: 94/124 MP: 13/13
 16737 | Lair:6   | Entered Level 6 of the Lair of Beasts
 16826 | Lair:6   | Reached skill level 17 in Fighting
 17108 | Lair:6   | Found a viscous altar of Jiyva.
 17108 | Lair:6   | Found a staircase to the Slime Pits.
 17114 | Lair:6   | Found the +3 crown of Dyrovepreva {rElec Int+2 SInv}
 17147 | Lair:6   | Reached skill level 15 in Armour
 17175 | Lair:6   | Noticed Kirke
 17188 | Lair:6   | Killed Kirke
 17313 | Lair:6   | Gained mutation: You are hated by all. [Ru sacrifice]
 17937 | Lair:6   | Reached skill level 18 in Fighting
 18267 | Lair:6   | Reached XP level 15. HP: 113/134 MP: 14/14
 18573 | D:11     | Cast into level 1 of the Abyss (Sonja)
 18573 | Abyss:1  | Found a corrupted altar of Lugonu.
 18808 | Abyss:1  | Noticed an ancient lich
 18830 | Abyss:1  | Noticed a tentacled starspawn
 18838 | Abyss:1  | Killed an ancient lich
 18843 | Abyss:1  | Killed a tentacled starspawn
 18850 | D:11     | Escaped the Abyss
 18853 | D:11     | Killed Sonja
 19147 | D:11     | Gained mutation: You cannot be stealthy. [Ru sacrifice]
 19147 | D:11     | Reached *** piety under Ru
 19250 | D:11     | Noticed Fannar
 19284 | D:11     | Killed Fannar
 19666 | D:11     | Got an encrusted ring mail
 19667 | D:11     | Identified the +0 ring mail of the End {rPois MR+ Int-5 Dex+4} (You found it on level 11 of the Dungeon)
 19852 | D:12     | Noticed Azrael
 19867 | D:12     | Killed Azrael
 19874 | D:12     | Reached skill level 19 in Fighting
 20113 | D:12     | Noticed Frances
 20125 | D:12     | Killed Frances
 20736 | Orc:1    | Entered Level 1 of the Orcish Mines
 21016 | Orc:2    | Entered Level 2 of the Orcish Mines
 21016 | Orc:2    | Found Litawn's Antique Armour Shoppe.
 21045 | Orc:2    | Bought a pair of brightly glowing boots for 256 gold pieces
 21045 | Orc:2    | Bought a jewelled plate armour for 756 gold pieces
 21045 | Orc:2    | Identified the +1 pair of boots of Zusac {rElec rF+ Int-4} (You bought it in a shop on level 2 of the Orcish Mines)
 21046 | Orc:2    | Identified the cursed +1 plate armour of the Dungeon {rC+ Regen+ Str+2 Int+3} (You bought it in a shop on level 2 of the Orcish Mines)
 21137 | Orc:2    | Noticed Nessos
 21163 | Orc:2    | Killed Nessos
 21264 | Orc:2    | Noticed matthes123's ghost (journeyman MiFi)
 21291 | Orc:2    | Killed matthes123's ghost
 21293 | Orc:2    | Gained mutation: You have somewhat slow reflexes. (EV -5) [Ru sacrifice]
 21293 | Orc:2    | Reached **** piety under Ru
 21332 | Orc:2    | Found a staircase to the Elven Halls.
 21515 | Orc:2    | Paralysed by an orc sorcerer for 4 turns
 21543 | Orc:2    | Found Jokatz's Antique Armour Boutique.
 21549 | Orc:2    | Paralysed by an orc sorcerer for 4 turns
 21585 | Orc:2    | Found a radiant altar of Vehumet.
 21607 | Orc:2    | Bought a pair of crude gloves for 304 gold pieces
 21607 | Orc:2    | Identified the cursed +0 pair of gloves of Good Intentions {Stlth+} (You bought it in a shop on level 2 of the Orcish Mines)
 21620 | Orc:2    | Found Kuufonoj's Distillery.
 21671 | Orc:2    | Found an ancient bone altar of Kikubaaqudgha.
 21726 | Orc:2    | Noticed Erolcha
 21733 | Orc:2    | Killed Erolcha
 21740 | Orc:2    | Found a roughly hewn altar of Beogh.
 21740 | Orc:2    | Found Vaenizepp's Antique Armour Shop.
 21741 | Orc:2    | Found Eggaffot's Book Boutique.
 22162 | Orc:2    | Reached skill level 15 in Dodging
 22383 | D:13     | Reached XP level 16. HP: 120/144 MP: 15/15
 22661 | D:13     | Found a gate to the Vaults.
 23071 | D:14     | Gained mutation: You cannot drink potions while threatened. [Ru sacrifice]
 23071 | D:14     | Reached ***** piety under Ru
 23198 | D:14     | Noticed Louise
 23212 | D:14     | Killed Louise
 23269 | D:14     | Got a polished chain mail
 23270 | D:14     | Identified the +5 chain mail "Emenoim" {rElec rF- Int+4} (You found it on level 14 of the Dungeon)
 23328 | D:14     | Found Vofym's Armour Emporium.
 23377 | D:14     | Reached skill level 20 in Fighting
 23661 | D:15     | Entered Level 15 of the Dungeon
 23670 | D:15     | Found a shattered altar of Ashenzari.
 24199 | D:15     | Found a staircase to the Depths.
 24795 | Spider:1 | Entered Level 1 of the Spider Nest
 25392 | Spider:1 | Gained mutation: Your casting is slightly disrupted. [Ru sacrifice]
 25430 | Spider:1 | Succumbed to a redback's poison

Skill      XL: |  1  2  3  4  5  6  7  8  9 10 11 12 13 14 15 16 |
---------------+-------------------------------------------------+-----
Maces & Flails | 3 4 5 6 7 9 12 | 12.0
Dodging        | 1 2 3 6 8 9 11 13 15 16 | 16.3
Fighting       | 4 5 6 7 9 11 15 16 18 19 20 | 20.4
Armour         | 4 5 6 7 9 10 12 14 16 17 18 | 18.9
Shields        | |  3.6

Action                   |  1- 3 |  4- 6 |  7- 9 | 10-12 | 13-15 | 16-18 || total
-------------------------+-------+-------+-------+-------+-------+-------++-------
Melee: Flail             |   107 |   158 |   121 |     4 |   104 |       ||   494
       Headbutt          |    21 |    18 |    46 |    91 |   314 |   160 ||   650
       Broad axe         |       |       |   168 |   303 |   637 |       ||  1108
       Morningstar       |       |       |       |   101 |       |       ||   101
       Eveningstar       |       |       |       |       |   520 |   543 ||  1063
Throw: Tomahawk          |       |       |     4 |       |       |       ||     4
Invok: Lunge             |     1 |    10 |    17 |    19 |       |       ||    47
       Whirlwind         |       |    44 |   195 |    96 |       |       ||   335
       Wall Jump         |       |       |     3 |       |       |       ||     3
       Sacrifice Arcana  |       |       |       |     1 |       |       ||     1
       Sacrifice Purity  |       |       |       |       |     1 |       ||     1
       Sacrifice Love    |       |       |       |       |     1 |       ||     1
       Sacrifice Health  |       |       |       |       |     1 |       ||     1
       Sacrifice Stealth |       |       |       |       |     1 |       ||     1
       Sacrifice Drink   |       |       |       |       |       |     1 ||     1
       Sacrifice Essence |       |       |       |       |       |     1 ||     1
Evoke: Wand              |       |       |       |       |       |     1 ||     1
  Use: Scroll            |     1 |       |     8 |     8 |     9 |     2 ||    28
       Potion            |       |       |     3 |    12 |    11 |       ||    26
 Stab: Sleeping          |       |       |       |     1 |       |       ||     1
       Invisible         |       |       |       |     2 |       |       ||     2
       Petrified         |       |       |       |       |     5 |       ||     5
       Distracted        |       |       |       |       |     3 |     5 ||     8
  Eat: Chunk             |     2 |     7 |    11 |     9 |    37 |    16 ||    82
       Ration            |       |       |     1 |     1 |       |       ||     2
Armor: Scale mail        |    43 |    45 |    70 |       |       |       ||   158
       Skin              |       |       |    23 |       |       |       ||    23
       Chain mail        |       |       |     9 |    10 |       |       ||    19
       Plate armour      |       |       |       |   198 |   709 |   296 ||  1203
Dodge: Dodged            |    32 |    43 |    70 |   121 |   624 |   210 ||  1100
       Deflected         |       |       |     2 |    11 |    14 |    10 ||    37
Block: Shield            |    55 |    96 |   165 |   272 |   952 |   408 ||  1948
